 Dungeon Sprint DCSS version 0.17-a0-1648-g0a089d4 (webtiles) character file.

949 ztt the Fighter (level 8, -4/75 HPs)
             Began as a Vine Stalker Berserker on Aug 12, 2015.
             Was an Elder of Trog.
             Slain by a sixfirhy (9 damage)
             ... summoned by a kobold demonologist
             ... in the Dungeon (Sprint I: "Red Sonja").
             The game lasted 00:02:51 (483 turns).

ztt the Fighter (Vine Stalker Berserker)             Turns: 483, Time: 00:02:52

Health: -4/75      AC:  2    Str: 27      XL:     8   Next: 13%
Magic:  0/9        EV: 13    Int:  7      God:    Trog [****..]
Gold:   405        SH:  0    Dex:  8 (14) Spells: 0 memorised, 7 levels left

rFire  . . .     SeeInvis .     a - +0 hand axe
rCold  . . .     Clarity  .     b - +0 animal skin
rNeg   . . .     SustAt   .     (no shield)
rPois  .         Gourm    .     (no helmet)
rElec  .         Spirit   +     (no cloak)
rCorr  .         Warding  .     (no gloves)
rMut   .         NoTele   +     (no boots)
MR     +....                    (no amulet)
Stlth  ..........               (no ring)
                                (no ring)

@: berserking (expiring), very quick, somewhat resistant to hostile
enchantments, extremely unstealthy
A: fangs 3, regeneration 2, magic shield, antimagic bite, no device heal 3, rot
immunity
a: Burn Spellbooks, Berserk, Trog's Hand, Brothers in Arms, Renounce Religion


You were in the Dungeon.
You worshipped Trog.
Trog was greatly pleased with you.
You were not hungry.

You visited 1 branch You collected 405 gold pieces.

Inventory:

Hand weapons
 a - a +0 hand axe (weapon)
Armour
 b - a +0 animal skin (worn)
Magical devices
 j - a wand of polymorph (12)
Scrolls
 i - a scroll of blinking
Potions
 d - a potion of curing
 e - a potion of heal wounds
 f - a potion of haste
 g - 2 potions of magic
 h - a potion of berserk rage


   Skills:
 + Level 10.1 Fighting
 + Level 10.1 Axes
 + Level 4.6 Armour
 + Level 5.6 Dodging
 + Level 2.0 Stealth


You had 7 spell levels left.
You didn't know any spells.

Dungeon Overview and Level Annotations

Branches:
Dungeon (1/1)

Altars:
Cheibriados
Dithmenos
Elyvilon
Fedhas
Gozag
Kikubaaqudgha
Makhleb
Nemelex Xobeh
Okawaru
Qazlal
Ru
Sif Muna
Trog
Vehumet
Xom
Yredelemnul
Zin
The Shining One
Jiyva

Shops:
D *


Innate Abilities, Weirdness & Mutations

You have razor-sharp teeth.
You heal very quickly.
When hurt, damage is shared between your health and your magic reserves.
Your bite disrupts and absorbs the magic of your enemies.
Potions and wands cannot restore your health.
You are immune to rotting.


Message History

You miss the sixfirhy.
Unknown command.
Unknown command.
You hit the sixfirhy. Your bite misses the sixfirhy.
The sixfirhy is lightly wounded.
Unknown command.
You miss the sixfirhy.
The sixfirhy is lightly wounded.
You slash the sixfirhy! Your bite misses the sixfirhy.
The sixfirhy is heavily wounded.
You slash the sixfirhy! Your bite misses the sixfirhy.
The sixfirhy is severely wounded.
You miss the sixfirhy. Your bite misses the sixfirhy.
The sixfirhy is severely wounded.
The sixfirhy hits you.
* * * LOW HITPOINT WARNING * * *
The sixfirhy shocks you!
* * * LOW HITPOINT WARNING * * *
The sixfirhy hits you!
You die...

##########################
#<.#..').#.)'..#3_#G.'5.G#
#..'..#..'..#.K'..K..#...#
#..#####'#####4#__#### ..+
#..####..#...#@#### ##
#..#__####..##.#
#..#_..__##'#..+
#⌠⌠#_.∩...').._#
####_..._##_.#'#
#_____###+#.# ####### ###


You could see a soul eater, a kobold demonologist and a sixfirhy.

Vanquished Creatures
  A kobold demonologist (D)
  A slime creature (D)
  Sigmund (D)
  A yak (D)
  An ogre (D)
  A jelly (D)
  Ijyb (D)
7 creatures vanquished.

Notes
Turn   | Place    | Note
--------------------------------------------------------------
     0 | D        | ztt the Vine Stalker Berserker began the quest for the Orb.
     0 | D        | Reached XP level 1. HP: 11/11 MP: 2/2
     1 | D        | Noticed Ijyb
    12 | D        | Killed Ijyb
    12 | D        | Reached skill level 4 in Fighting
    12 | D        | Reached XP level 2. HP: 14/17 MP: 3/3
    12 | D        | Reached XP level 3. HP: 17/21 MP: 4/4
    30 | D        | Noticed an ogre
    34 | D        | Killed an ogre
    34 | D        | Acquired Trog's second power
    34 | D        | Reached skill level 6 in Fighting
    34 | D        | Reached XP level 4. HP: 12/28 MP: 5/5
    34 | D        | Reached XP level 5. HP: 13/32 MP: 6/6
   108 | D        | Noticed Sigmund
   114 | D        | Killed Sigmund
   114 | D        | Reached skill level 7 in Fighting
   114 | D        | Gained mutation: You heal very quickly. [Vine Stalker growth]
   114 | D        | Reached XP level 6. HP: 28/39 MP: 5/7
   162 | D        | Found a deep blue altar of Sif Muna.
   163 | D        | Noticed a jelly
   170 | D        | Killed a jelly
   170 | D        | Reached skill level 8 in Axes
   173 | D        | Found a radiant altar of Vehumet.
   178 | D        | Found a viscous altar of Jiyva.
   178 | D        | Found a blossoming altar of Fedhas.
   178 | D        | Noticed a slime creature
   179 | D        | Found a snail-covered altar of Cheibriados.
   179 | D        | Found a shadowy altar of Dithmenos.
   186 | D        | Killed a slime creature
   186 | D        | Reached skill level 9 in Axes
   186 | D        | Reached XP level 7. HP: 21/44 MP: 6/8
   255 | D        | Found Yte Foid's General Store.
   255 | D        | Found a white marble altar of Elyvilon.
   255 | D        | Found a stormy altar of Qazlal.
   255 | D        | Found a basalt altar of Yredelemnul.
   255 | D        | Found an iron altar of Okawaru.
   255 | D        | Found a sparkling altar of Nemelex Xobeh.
   255 | D        | Found a shimmering altar of Xom.
   255 | D        | Found an ancient bone altar of Kikubaaqudgha.
   255 | D        | Noticed a yak
   256 | D        | Found a burning altar of Makhleb.
   256 | D        | Found a sacrificial altar of Ru.
   256 | D        | Found a glowing golden altar of the Shining One.
   256 | D        | Found an opulent altar of Gozag.
   256 | D        | Found a glowing silver altar of Zin.
   266 | D        | Killed a yak
   266 | D        | Reached skill level 1 in Stealth
   337 | D        | Found a bloodstained altar of Trog.
   357 | D        | Acquired Trog's third power
   377 | D        | Noticed a kobold demonologist
   381 | D        | Noticed a kobold demonologist
   404 | D        | Noticed a neqoxec
   409 | D        | Killed a neqoxec
   425 | D        | Killed a kobold demonologist
   425 | D        | Reached skill level 10 in Fighting
   425 | D        | Reached skill level 10 in Axes
   425 | D        | Reached skill level 5 in Dodging
   425 | D        | Gained mutation: You have razor-sharp teeth. [Vine Stalker growth]
   425 | D        | Reached XP level 8. HP: 29/50 MP: 9/9
   472 | D        | Paralysed by a giant eyeball for 4 turns
   473 | D        | Noticed a sixfirhy
   476 | D        | Noticed a soul eater
   483 | D        | Slain by a sixfirhy

Vault maps used:
D:        dungeon_sprint_1

Action                   |  1- 3 |  4- 6 |  7- 9 || total
-------------------------+-------+-------+-------++-------
Melee: Unarmed           |     6 |       |       ||     6
       Hand axe          |     2 |    12 |    48 ||    62
Invok: Berserk           |     1 |     2 |     2 ||     5
       Burn Spellbooks   |       |       |     1 ||     1
  Use: Scroll            |       |       |     1 ||     1
 Stab: Sleeping          |       |       |     1 ||     1
  Eat: Chunk             |       |       |     1 ||     1
       Bread ration      |       |       |     1 ||     1
